TOP OF THE 1ST |
Jackson HS Swamp Bats batting - Pitching for Newport News HS Paints : RHP Rourke Knocker
|
Pitching: RHP Rourke Knocker
|
|
Batting: LHB Brad Fuller
|
0-0: SINGLE (Groundball, 34D)
|
Batting: RHB Ron Frost
|
0-0: Foul Ball, location: 2F 0-1: Ball 1-1: Ball 2-1: Swinging Strike 2-2: DOUBLE (Line Drive, 9LM) Brad Fuller to third
|
Batting: RHB Julián García
|
0-0: Called Strike 0-1: Ball 1-1: Foul Ball, location: 2F 1-2: Fly out, F9 (Flyball, 9LMF) Runner from 3rd tags up, SCORES, no throw
|
Batting: LHB Carlos Anaya
|
0-0: Called Strike 0-1: Ball 1-1: Foul Ball, location: 2F 1-2: SINGLE (Line Drive, 89S) Ron Frost to third Runner from 3rd tries for Home, SAFE, no throw
|
Batting: RHB Anthony O'Bryan
|
0-0: Ground out 4-3 (Groundball, 34) Carlos Anaya to second
|
Batting: RHB Dan Crowder
|
0-0: Called Strike 0-1: Foul Ball, location: 2F 0-2: Ball 1-2: Ball 2-2: Ball 3-2: Strikes out swinging
|
Top of the 1st over - 2 run(s), 3 hit(s), 0 error(s), 1 left on base; Jackson HS 2 - Newport News HS 0 |
BOTTOM OF THE 1ST |
Newport News HS Paints batting - Pitching for Jackson HS Swamp Bats : RHP Robbie Martin
|
Pitching: RHP Robbie Martin
|
|
Batting: RHB John Graham
|
0-0: Ball 1-0: Foul Ball, location: 2F 1-1: Called Strike 1-2: Fly out, F6 (Popup, 56)
|
Batting: LHB Mark Wilson
|
0-0: Called Strike 0-1: Ball 1-1: Foul Ball, location: 2F 1-2: Foul Ball, location: 2F 1-2: Ground out 4-3 (Groundball, 4M)
|
Batting: LHB William Donnelly
|
0-0: Called Strike 0-1: Ground out U3 (Groundball, 34)
|
Bottom of the 1st over - 0 run(s), 0 hit(s), 0 error(s), 0 left on base; Jackson HS 2 - Newport News HS 0 |
TOP OF THE 2ND |
Jackson HS Swamp Bats batting - Pitching for Newport News HS Paints : RHP Rourke Knocker
|
Batting: RHB Kevin Wilson
|
0-0: Called Strike 0-1: Foul Ball, location: 2F 0-2: Ball 1-2: Strikes out swinging
|
Batting: RHB Brendon Bachman
|
0-0: Ball 1-0: Ball 2-0: Ball 3-0: Foul Ball, location: 2F 3-1: Base on Balls
|
Batting: RHB Brandon Davis
|
0-0: Ball 1-0: Ball 2-0: Foul Ball, location: 2F 2-1: Ball 3-1: Base on Balls Brendon Bachman to second
|
Batting: LHB Brad Fuller
|
0-0: Called Strike 0-1: Ball 1-1: Ball 2-1: Ball 3-1: Called Strike 3-2: Base on Balls Brendon Bachman to third Brandon Davis to second
|
Batting: RHB Ron Frost
|
0-0: Called Strike 0-1: Ball 1-1: Reached via error on a dropped throw, E3 Brendon Bachman scores Brandon Davis to third Brad Fuller to second
|
Batting: RHB Julián García
|
0-0: Called Strike 0-1: Foul Ball, location: 2F 0-2: Ball 1-2: Ball Wild Pitch! Brandon Davis scores Brad Fuller to third Ron Frost to second 2-2: SINGLE (Line Drive, 8LM) Brad Fuller scores Ron Frost to third Runner from 3rd tries for Home, SAFE, no throw
|
Batting: LHB Carlos Anaya
|
0-0: SINGLE (Groundball, 6S) (infield hit) Julián García to second
|
Batting: RHB Anthony O'Bryan
|
0-0: Called Strike 0-1: Grounds into double play, 5-4-3 (Groundball, 56)
|
Top of the 2nd over - 4 run(s), 2 hit(s), 1 error(s), 1 left on base; Jackson HS 6 - Newport News HS 0 |
BOTTOM OF THE 2ND |
Newport News HS Paints batting - Pitching for Jackson HS Swamp Bats : RHP Robbie Martin
|
Batting: LHB Chris Martin
|
0-0: Ground out 6-3 (Groundball, 6)
|
Batting: RHB Seth O'Toole
|
0-0: Foul Ball, location: 2F 0-1: Foul Ball, location: 2F 0-2: Strikes out swinging
|
Batting: RHB Arthur Wilson
|
0-0: Swinging Strike 0-1: Ball 1-1: Swinging Strike 1-2: Foul Ball, location: 2F 1-2: Strikes out swinging
|
Bottom of the 2nd over - 0 run(s), 0 hit(s), 0 error(s), 0 left on base; Jackson HS 6 - Newport News HS 0 |
TOP OF THE 3RD |
Jackson HS Swamp Bats batting - Pitching for Newport News HS Paints : RHP Rourke Knocker
|
Batting: RHB Dan Crowder
|
0-0: Ball 1-0: Ball 2-0: Ball 3-0: Base on Balls
|
Pitching: RHP Bob Curtis
|
|
Batting: RHB Kevin Wilson
|
0-0: Called Strike 0-1: Called Strike 0-2: Strikes out looking
|
Batting: RHB Brendon Bachman
|
0-0: Called Strike Dan Crowder steals 2nd base 0-1: Ball 1-1: Swinging Strike 1-2: Strikes out swinging
|
Batting: RHB Brandon Davis
|
0-0: Called Strike 0-1: Ball 1-1: Fly out, F9 (Flyball, 9LS)
|
Top of the 3rd over - 0 run(s), 0 hit(s), 0 error(s), 1 left on base; Jackson HS 6 - Newport News HS 0 |
BOTTOM OF THE 3RD |
Newport News HS Paints batting - Pitching for Jackson HS Swamp Bats : RHP Robbie Martin
|
Batting: RHB Todd McDaniel
|
0-0: Ball 1-0: Called Strike 1-1: Called Strike 1-2: Foul Ball, location: 2F 1-2: Foul Ball, location: 2F 1-2: Ball 2-2: Reached on error, E5 (Groundball, 56)
|
Batting: RHB Brian Hoover
|
0-0: Ball 1-0: Ball 2-0: Ball 3-0: Called Strike 3-1: Base on Balls
|
Batting: SHB Craig Young
|
0-0: Ball 1-0: Called Strike 1-1: Fly out, F7 (Flyball, 7)
|
Batting: RHB John Graham
|
0-0: Fly out, F8 (Flyball, 8RM)
|
Batting: LHB Mark Wilson
|
0-0: Called Strike 0-1: Ball 1-1: Foul Ball, location: 2F 1-2: Fly out, F3 (Popup, 3)
|
Bottom of the 3rd over - 0 run(s), 0 hit(s), 1 error(s), 2 left on base; Jackson HS 6 - Newport News HS 0 |
TOP OF THE 4TH |
Jackson HS Swamp Bats batting - Pitching for Newport News HS Paints : RHP Bob Curtis
|
Batting: LHB Brad Fuller
|
0-0: Ball Error on foul ball, E9 1-1: Swinging Strike 1-2: Ball 2-2: Ball 3-2: Base on Balls
|
Batting: RHB Ron Frost
|
0-0: Swinging Strike 0-1: Ball 1-1: Swinging Strike 1-2: Strikes out swinging
|
Batting: RHB Julián García
|
0-0: Ball 1-0: Swinging Strike 1-1: Called Strike 1-2: Fly out, F7 (Flyball, 7S)
|
Batting: LHB Carlos Anaya
|
0-0: Called Strike Brad Fuller is caught stealing 2nd base
|
Top of the 4th over - 0 run(s), 0 hit(s), 1 error(s), 0 left on base; Jackson HS 6 - Newport News HS 0 |
BOTTOM OF THE 4TH |
Newport News HS Paints batting - Pitching for Jackson HS Swamp Bats : RHP Robbie Martin
|
Batting: LHB William Donnelly
|
0-0: Ball 1-0: Foul Ball, location: 2F 1-1: Foul Ball, location: 2F 1-2: Foul Ball, location: 2F 1-2: Foul Ball, location: 2F 1-2: SINGLE (Line Drive, 9LM)
|
Batting: LHB Chris Martin
|
0-0: Called Strike 0-1: Ball 1-1: Ball 2-1: SINGLE (Groundball, 34S) (infield hit) William Donnelly to second
|
Batting: RHB Seth O'Toole
|
0-0: Called Strike 0-1: Ball 1-1: Reached on error, E5 (Groundball, 5) William Donnelly to third Chris Martin to second
|
Batting: RHB Arthur Wilson
|
0-0: Foul Ball, location: 2F 0-1: Ball 1-1: Swinging Strike 1-2: Grounds into double play, 6-4-3 (Groundball, 6) William Donnelly scores Chris Martin to third
|
Batting: RHB Todd McDaniel
|
0-0: SINGLE (Line Drive, 89S) Chris Martin scores
|
Batting: RHB Brian Hoover
|
0-0: Ball 1-0: Swinging Strike 1-1: Ball 2-1: Ball 3-1: DOUBLE (Line Drive, 78M) Todd McDaniel to third Runner from 3rd tries for Home, throw and OUT!
|
Bottom of the 4th over - 2 run(s), 4 hit(s), 1 error(s), 1 left on base; Jackson HS 6 - Newport News HS 2 |
TOP OF THE 5TH |
Jackson HS Swamp Bats batting - Pitching for Newport News HS Paints : RHP Bob Curtis
|
Batting: LHB Carlos Anaya
|
0-0: Foul Ball, location: 2F 0-1: Foul Ball, location: 2F 0-2: Strikes out swinging
|
Batting: RHB Anthony O'Bryan
|
0-0: Ball 1-0: Called Strike 1-1: Ball 2-1: Foul Ball, location: 2F 2-2: Ground out 5-3 (Groundball, 56S)
|
Batting: RHB Dan Crowder
|
0-0: Foul Ball, location: 2F 0-1: Ball 1-1: Ball 2-1: Called Strike 2-2: Strikes out swinging
|
Top of the 5th over - 0 run(s), 0 hit(s), 0 error(s), 0 left on base; Jackson HS 6 - Newport News HS 2 |
BOTTOM OF THE 5TH |
Newport News HS Paints batting - Pitching for Jackson HS Swamp Bats : RHP Robbie Martin
|
Batting: SHB Craig Young
|
0-0: Called Strike 0-1: Ball 1-1: Swinging Strike 1-2: Foul Ball, location: 2F 1-2: Ball 2-2: Strikes out looking
|
Batting: RHB John Graham
|
0-0: Ground out U3 (Groundball, 34S)
|
Batting: LHB Mark Wilson
|
0-0: Ball 1-0: DOUBLE (Groundball, 3L)
|
Batting: LHB William Donnelly
|
0-0: Called Strike 0-1: Foul Ball, location: 2F 0-2: Ball 1-2: Strikes out swinging
|
Bottom of the 5th over - 0 run(s), 1 hit(s), 0 error(s), 1 left on base; Jackson HS 6 - Newport News HS 2 |
TOP OF THE 6TH |
Jackson HS Swamp Bats batting - Pitching for Newport News HS Paints : RHP Bob Curtis
|
Batting: RHB Kevin Wilson
|
0-0: Foul Ball, location: 2F 0-1: Fly out, F7 (Flyball, 7)
|
Batting: RHB Brendon Bachman
|
0-0: Called Strike 0-1: Ball 1-1: Called Strike 1-2: Strikes out swinging
|
Batting: RHB Brandon Davis
|
0-0: Ball 1-0: Called Strike 1-1: Swinging Strike 1-2: SOLO HOME RUN (Flyball, 78XD), Distance : 428 ft
|
Batting: LHB Brad Fuller
|
0-0: Ball 1-0: Called Strike 1-1: Foul Ball, location: 2F 1-2: Ball 2-2: Foul Ball, location: 2F 2-2: Strikes out swinging
|
Top of the 6th over - 1 run(s), 1 hit(s), 0 error(s), 0 left on base; Jackson HS 7 - Newport News HS 2 |
BOTTOM OF THE 6TH |
Newport News HS Paints batting - Pitching for Jackson HS Swamp Bats : RHP Robbie Martin
|
Batting: LHB Chris Martin
|
0-0: Ball 1-0: Ball 2-0: Ground out 3-1 (Groundball, 34)
|
Batting: RHB Seth O'Toole
|
0-0: Called Strike 0-1: Foul Ball, location: 2F 0-2: SINGLE (Groundball, 6) (infield hit)
|
Pitching: RHP Tom Taylor
|
|
Batting: RHB Arthur Wilson
|
0-0: Ball 1-0: Called Strike 1-1: Called Strike 1-2: Strikes out swinging
|
Batting: RHB Todd McDaniel
|
0-0: Ball 1-0: Called Strike 1-1: Foul Ball, location: 2F 1-2: Foul Ball, location: 2F 1-2: Ball 2-2: Ball 3-2: Base on Balls Seth O'Toole to second
|
Batting: RHB Brian Hoover
|
0-0: Ball 1-0: Ball 2-0: Foul Ball, location: 2F 2-1: Foul Ball, location: 2F 2-2: Foul Ball, location: 2F 2-2: Fly out, F5 (Popup, 56)
|
Bottom of the 6th over - 0 run(s), 1 hit(s), 0 error(s), 2 left on base; Jackson HS 7 - Newport News HS 2 |
TOP OF THE 7TH |
Jackson HS Swamp Bats batting - Pitching for Newport News HS Paints : RHP Bob Curtis
|
Batting: RHB Ron Frost
|
0-0: Ball 1-0: Ball 2-0: Called Strike 2-1: Ball 3-1: Base on Balls
|
Pitching: RHP Kenny Krieger
|
|
Batting: RHB Julián García
|
0-0: Called Strike 0-1: Ball 1-1: Ball 2-1: Ball 3-1: Base on Balls Ron Frost to second
|
Batting: LHB Carlos Anaya
|
0-0: Ball 1-0: Ball 2-0: Foul Ball, location: 2F 2-1: Fly out, F7 (Flyball, 7S)
|
Batting: RHB Anthony O'Bryan
|
0-0: Called Strike 0-1: Called Strike 0-2: Ball 1-2: Ball 2-2: Foul Ball, location: 2F 2-2: Ball 3-2: Fly out, F8 (Line Drive, 8LM)
|
Batting: RHB Dan Crowder
|
0-0: Fielders Choice at 2nd, 4-6 (Groundball, 4)
|
Top of the 7th over - 0 run(s), 0 hit(s), 0 error(s), 1 left on base; Jackson HS 7 - Newport News HS 2 |
BOTTOM OF THE 7TH |
Newport News HS Paints batting - Pitching for Jackson HS Swamp Bats : RHP Tom Taylor
|
Batting: SHB Craig Young
|
0-0: Foul Ball, location: 2F 0-1: Ground out 4-3 (Groundball, 4)
|
Batting: RHB John Graham
|
0-0: Called Strike 0-1: Foul Ball, location: 2F 0-2: Ball 1-2: Foul Ball, location: 2F 1-2: Strikes out swinging
|
Batting: LHB Mark Wilson
|
0-0: SINGLE (Groundball, 56D)
|
Batting: LHB William Donnelly
|
0-0: Ball 1-0: Swinging Strike 1-1: Called Strike 1-2: Ball 2-2: Foul Ball, location: 2F 2-2: Reached on error, E4 (Groundball, 4MS) Mark Wilson to second
|
Batting: LHB Chris Martin
|
0-0: Ball 1-0: Ball 2-0: Ball 3-0: Base on Balls Mark Wilson to third William Donnelly to second
|
Batting: RHB Seth O'Toole
|
0-0: Foul Ball, location: 2F 0-1: Foul Ball, location: 2F 0-2: Ball 1-2: Ball 2-2: Strikes out swinging
|
Bottom of the 7th over - 0 run(s), 1 hit(s), 1 error(s), 3 left on base; Jackson HS 7 - Newport News HS 2 |
TOP OF THE 8TH |
Jackson HS Swamp Bats batting - Pitching for Newport News HS Paints : RHP Kenny Krieger
|
Batting: RHB Kevin Wilson
|
0-0: Called Strike 0-1: Foul Ball, location: 2F 0-2: Fly out, F9 (Flyball, 9)
|
Batting: RHB Brendon Bachman
|
0-0: Called Strike 0-1: Foul Ball, location: 2F 0-2: Hit by Pitch
|
Batting: RHB Brandon Davis
|
0-0: Ball 1-0: Called Strike 1-1: Ball 2-1: Fielders Choice at 2nd, 6-4 (Groundball, 6)
|
Batting: LHB Brad Fuller
|
0-0: Ball 1-0: Called Strike 1-1: Foul Ball, location: 2F 1-2: Strikes out looking
|
Top of the 8th over - 0 run(s), 0 hit(s), 0 error(s), 1 left on base; Jackson HS 7 - Newport News HS 2 |
BOTTOM OF THE 8TH |
Newport News HS Paints batting - Pitching for Jackson HS Swamp Bats : RHP Tom Taylor
|
Batting: RHB Arthur Wilson
|
0-0: Ball 1-0: Foul Ball, location: 2F 1-1: Foul Ball, location: 2F 1-2: Foul Ball, location: 2F 1-2: Ball 2-2: Ball 3-2: Foul Ball, location: 2F 3-2: Base on Balls
|
Batting: RHB Todd McDaniel
|
0-0: Swinging Strike 0-1: Ball 1-1: Swinging Strike 1-2: Strikes out looking
|
Batting: RHB Brian Hoover
|
0-0: Foul Ball, location: 2F 0-1: Ball 1-1: Ball 2-1: Foul Ball, location: 2F 2-2: Ball 3-2: Reached on error, E5 (Groundball, 56S) Arthur Wilson to third
|
Pitching: RHP Clancy Green
|
|
Batting: SHB Craig Young
|
0-0: Foul Ball, location: 2F 0-1: Ball 1-1: Foul Ball, location: 2F 1-2: Foul Ball, location: 2F 1-2: Ball 2-2: Ground out U3 (Groundball, 3)
|
Batting: RHB John Graham
|
0-0: Foul Ball, location: 2F 0-1: Called Strike 0-2: Strikes out swinging
|
Bottom of the 8th over - 0 run(s), 0 hit(s), 1 error(s), 2 left on base; Jackson HS 7 - Newport News HS 2 |
TOP OF THE 9TH |
Jackson HS Swamp Bats batting - Pitching for Newport News HS Paints : RHP Kenny Krieger
|
Batting: RHB Ron Frost
|
0-0: Called Strike 0-1: Ball 1-1: SINGLE (Groundball, 56D)
|
Batting: RHB Julián García
|
0-0: Called Strike 0-1: Ball 1-1: Swinging Strike 1-2: Ball 2-2: Foul Ball, location: 2F 2-2: Strikes out swinging
|
Batting: LHB Carlos Anaya
|
0-0: Called Strike 0-1: Ball 1-1: Swinging Strike 1-2: Foul Ball, location: 2F 1-2: Foul Ball, location: 2F 1-2: Fly out, F8 (Line Drive, 8LM)
|
Batting: RHB Anthony O'Bryan
|
0-0: Ground out 1-3 (Groundball, P)
|
Top of the 9th over - 0 run(s), 1 hit(s), 0 error(s), 1 left on base; Jackson HS 7 - Newport News HS 2 |
BOTTOM OF THE 9TH |
Newport News HS Paints batting - Pitching for Jackson HS Swamp Bats : RHP Clancy Green
|
Batting: LHB Mark Wilson
|
0-0: Called Strike 0-1: Foul Ball, location: 2F 0-2: Foul Ball, location: 2F 0-2: Strikes out swinging
|
Batting: LHB William Donnelly
|
0-0: Ground out 4-3 (Groundball, 4)
|
Batting: LHB Chris Martin
|
0-0: Ball 1-0: Foul Ball, location: 2F 1-1: Ground out 6-3 (Groundball, 6S)
|
Bottom of the 9th over - 0 run(s), 0 hit(s), 0 error(s), 0 left on base; Jackson HS 7 - Newport News HS 2 |
|